 Dungeon Sprint DCSS version 0.30-a0-509-gd016549fea (webtiles) character file.

Game seed: 10776177037479870641

623 Liquidunit the Nimble (level 7, -4/79 HPs)
             Began as a Troll Berserker on Dec 23, 2022.
             Was a Believer of Trog.
             Slain by a centaur warrior (8 damage)
             ... in the Dungeon (Sprint I: "Red Sonja").
             The game lasted 00:01:54 (329 turns).

Liquidunit the Nimble (Troll Berserker)              Turns: 329, Time: 00:01:54

Health: -4/79      AC:  4    Str: 28    XL:     7   Next: 22%
Magic:  6/6        EV: 12    Int:  3    God:    Trog [**....]
Gold:   297        SH:  0    Dex:  9    Spells: 6/6 levels left

rFire   . . .      SeeInvis .    i - +0 giant club
rCold   . . .      Faith    .    (shield currently unavailable)
rNeg    . . .      Spirit   .    a - +0 animal skin
rPois   .          Reflect  .    (helmet restricted)
rElec   .          Harm     .    (no cloak)
rCorr   .          Rampage  .    (gloves unavailable)
Will    .....      NoTele   +    (boots unavailable)
Stlth   +.........               (no amulet)
HPRegen 1.13/turn                (no ring)
MPRegen 0.10/turn                (no ring)

@: hasted, very quick
A: large, unfitting armour, claws 3, regeneration 1, shaggy fur 1, tough skin 1
a: Renounce Religion, Berserk, Trog's Hand


You were in the Dungeon.
You worshipped Trog.
Trog was pleased with you.
You visited 1 branch You collected 297 gold pieces.

Inventory:

Hand Weapons
 i - a +0 giant club (weapon)
Armour
 a - a +0 animal skin (worn)
Wands
 h - a wand of mindburst (7)
Scrolls
 g - a scroll of blinking
 j - a scroll of identify
Potions
 b - a potion of curing
 e - 2 potions of magic
 f - a potion of berserk rage


   Skills:
 + Level 7.9 Fighting
 * Level 6.5 Maces & Flails
 + Level 8.1 Dodging
 + Level 0.5 Stealth
 - Level 6.2 Unarmed Combat


You had 6 spell levels left.
You didn't know any spells.
Your spell library was empty.

Dungeon Overview and Level Annotations

Branches:
Dungeon (1/1)

Altars:
Cheibriados
Dithmenos
Elyvilon
Fedhas
Gozag
Hepliaklqana
Kikubaaqudgha
Makhleb
Nemelex Xobeh
Okawaru
Qazlal
Ru
Sif Muna
Trog
Uskayaw
Vehumet
Wu Jian
Xom
Yredelemnul
Zin
The Shining One
Jiyva
Lugonu

Shops:
D (


Innate Abilities, Weirdness & Mutations

You are too large for most types of armour.
You have claws for hands.
Your natural rate of healing is unusually fast.
You are covered in fur. (AC +1)
You have tough skin. (AC +1)


Message History

Anything else - Cancel.
You shout for attention!
You feel yourself speed up.
You hear a shout!
Found a rapier and 4 stones.
You close the door.
A centaur warrior opens the door.
There is a shimmering blue altar of Sif Muna here.
The centaur warrior wields a +0 shortbow.
The centaur warrior shoots an arrow.
The arrow hits you!!
There is an open door, spattered with blood here.
You close the door.
A centaur warrior opens the door.
You're still recovering from your berserk rage.
You feel yourself speed up.
The centaur warrior shoots an arrow.
The arrow hits you!
You feel much better.
The centaur warrior shoots an arrow.
The arrow hits you!!
The centaur warrior wields a +0 shortbow.
The centaur warrior shoots an arrow.
The arrow hits you!
The centaur warrior unwields a +0 shortbow.
The centaur warrior hits you. The centaur warrior misses you.
There is an open door, spattered with blood here.
You closely miss the centaur warrior.
The centaur warrior unwields a +0 shortbow.
The centaur warrior hits you!
The centaur warrior kicks you but does no damage.
The centaur warrior hits you!
* * * LOW HITPOINT WARNING * * *
The centaur warrior barely misses you. The centaur warrior hits you.
* * * LOW HITPOINT WARNING * * *
The centaur warrior kicks you.
* * * LOW HITPOINT WARNING * * *
You're still recovering from your berserk rage.
You sock the centaur warrior!
The centaur warrior is moderately wounded.
You recover from your berserk rage.
The centaur warrior hits you!
* * * LOW HITPOINT WARNING * * *
The centaur warrior kicks you but does no damage.
The centaur warrior hits you!
You die...

###################
#<.#..'†.#..'..#__#
#..').#..').#..'..+
#..#####'#####'#__# ##
#..####..#...#.####)(#
#..#__####..##§#~~§c§#
#..#_____##'#_.§~§§§.+
#⌠⌠#_.∩...†..cc#~~c.c#
####_..__##_.#@# +####
#_____###+#.# #######
###


You could see 2 centaur warriors.

Vanquished Creatures
  A slime creature (D)
  Sigmund (D)
  A yak (D)
  An ogre (D)
  A jelly (D)
  Ijyb (D)
6 creatures vanquished.

Notes
Turn   | Place    | Note
-------+----------+-------------------------------------------
     0 | D        | Liquidunit the Troll Berserker began the quest for the Orb.
     0 | D        | Reached XP level 1. HP: 22/22 MP: 0/0
     2 | D        | Noticed Ijyb
     6 | D        | Killed Ijyb
     7 | D        | Reached skill level 3 in Dodging
     7 | D        | Reached XP level 2. HP: 23/32 MP: 1/1
    42 | D        | Noticed an ogre
    50 | D        | Killed an ogre
    51 | D        | Reached skill level 5 in Fighting
    51 | D        | Reached skill level 5 in Dodging
    51 | D        | Reached XP level 3. HP: 31/42 MP: 2/2
    51 | D        | Reached XP level 4. HP: 36/50 MP: 3/3
    76 | D        | Noticed Sigmund
    84 | D        | Killed Sigmund
    84 | D        | Reached ** piety under Trog
    85 | D        | Reached skill level 6 in Dodging
    85 | D        | Reached XP level 5. HP: 61/61 MP: 4/4
   223 | D        | Found a burning altar of Makhleb.
   223 | D        | Found a viscous altar of Jiyva.
   223 | D        | Found a shimmering altar of Xom.
   223 | D        | Found a corrupted altar of Lugonu.
   223 | D        | Noticed a slime creature
   227 | D        | Killed a slime creature
   228 | D        | Reached skill level 5 in Maces & Flails
   228 | D        | Reached skill level 7 in Dodging
   228 | D        | Reached XP level 6. HP: 71/71 MP: 5/5
   254 | D        | Found an ornate altar of the Wu Jian Council.
   254 | D        | Found a shimmering blue altar of Sif Muna.
   256 | D        | Found a radiant altar of Vehumet.
   267 | D        | Noticed a centaur warrior
   267 | D        | Noticed a centaur warrior
   288 | D        | Found Suhecun's Antique Weapon Emporium.
   288 | D        | Found an ancient bone altar of Kikubaaqudgha.
   288 | D        | Found a hazy altar of Hepliaklqana.
   288 | D        | Found a stormy altar of Qazlal.
   288 | D        | Found a hide-covered altar of Uskayaw.
   288 | D        | Found a blossoming altar of Fedhas.
   288 | D        | Found a bloodstained altar of Trog.
   288 | D        | Found an iron altar of Okawaru.
   288 | D        | Found a basalt altar of Yredelemnul.
   288 | D        | Found a glowing golden altar of the Shining One.
   288 | D        | Found a snail-covered altar of Cheibriados.
   288 | D        | Found a sacrificial altar of Ru.
   288 | D        | Found a glowing silver altar of Zin.
   288 | D        | Found a shadowy altar of Dithmenos.
   288 | D        | Found a white marble altar of Elyvilon.
   288 | D        | Noticed a yak
   292 | D        | Killed a yak
   293 | D        | Reached skill level 8 in Dodging
   293 | D        | Reached XP level 7. HP: 79/79 MP: 6/6
   293 | D        | Found an opulent altar of Gozag.
   294 | D        | Found a sparkling altar of Nemelex Xobeh.
   329 | D        | Slain by a centaur warrior

Illustrated notes

Levels and vault maps discovered:
D:        dungeon_sprint_1 [red_sonja_temple_1, red_sonja_temple_small_1]

Skill      XL: |  1  2  3  4  5  6 |
---------------+-------------------+-----
Fighting       | 3 5 6 7 |  7.9
Dodging        | 3 5 6 7 8 |  8.1
Unarmed Combat | 4 6 |  6.2
Maces & Flails | 3 5 6 |  6.5
Stealth        | |  0.5

Action                   |  1- 3 |  4- 6 |  7- 9 || total
-------------------------+-------+-------+-------++-------
Melee: Unarmed           |     9 |       |       ||     9
       Punch             |     2 |       |       ||     2
       Giant club        |       |    14 |     2 ||    16
Invok: Berserk           |     1 |     3 |       ||     4
  Use: Potion            |       |       |     2 ||     2
       Scroll            |       |       |     1 ||     1
Armor: Animal skin       |       |     1 |     2 ||     3
Dodge: Dodged            |     3 |     6 |     2 ||    11

Table legend: (Time is in decaauts)
 A = Elapsed time spent in this place.
 B = Non-inter-level travel time spent in this place.
 C = Inter-level travel time spent in this place.
 D = Time resting spent in this place.
 E = Time spent auto-exploring this place.
 F = Levels seen in this place.
 G = Mean time per level.
                   A        B        C        D        E       F      G
               +--------+--------+--------+--------+--------+-----+--------+
         Total |    371 |    371 |      0 |    227 |      0 |   1 |  371.0 |
       Dungeon |    371 |    371 |      0 |    227 |      0 |   1 |  371.0 |
               +--------+--------+--------+--------+--------+-----+--------+

Top non-repeatable levels by time:
       D: 371 daAuts
